Map: Ascension vers Aïur EC

Players

Awers (Hades)

  • Race: Terran Terran
  • Spawn Location: 11:00

ShaDoWn - Winner!

  • Race: Protoss Protoss
  • Spawn Location: 5:00

Event: WCS Jonkoping 2017

VOD

Have the link to the VOD?

Description

Time

  • Played on: June 17, 2017, 10:32 a.m.
  • Length: 14:20

All games in this series

Show
View Real Time Build Order
Export as new Build Order

Awers Terran 

Build Orders: Reaper Expand, Mech 

Get SALT Encoding   

  12  0:01  SCV  
  13  0:13  SCV  
  14  0:17  Supply Depot  
  14  0:25  SCV  
  14  0:27  Refinery  
  15  0:39  SCV  
  16  0:44  Barracks  
  16  0:51  SCV  
  17  1:04  SCV  
  18  1:16  SCV  
  19  1:31  Orbital Command, Reaper  
  20  1:44  Command Center  
  20  1:56  Factory  
  20  1:59  SCV  
  21  2:07  Barracks Reactor, Refinery  
  21  2:11  SCV  
  22  2:17  Supply Depot  
  22  2:23  SCV  
  23  2:38  SCV  
  23  2:43  Starport, Widow Mine  
  23  2:44  Marine  
  26  2:46  Marine  
  26  2:50  SCV  
  29  2:57  Orbital Command  
  29  3:02  Marine  
  29  3:03  SCV, Marine  
  34  3:16  SCV  
  35  3:23  SCV  
  35  3:26  Marine  
  35  3:27  Marine  
  37  3:28  SCV  
  37  3:30  Medivac  
  39  3:36  SCV  
  39  3:38  Widow Mine  
  39  3:41  SCV  
  43  3:43  Supply Depot  
  43  3:47  Marine x2  
  43  3:48  SCV  
  46  3:59  Armory  
  46  4:04  Viking  
  46  4:05  SCV x2  
  46  4:06  Supply Depot  
  50  4:11  Widow Mine  
  52  4:17  SCV x2  
  54  4:29  SCV  
  54  4:30  Command Center  
  55  4:33  Supply Depot  
  55  4:36  Marine x2  
  57  4:47  SCV, Cyclone  
  61  4:54  Marine  
  61  4:56  SCV  
  63  5:01  Factory  
  63  5:02  Factory  
  63  5:04  SCV  
  63  5:06  Refinery x2  
  64  5:08  Terran Vehicle Weapons Level 1  
  64  5:09  Engineering Bay  
  64  5:11  SCV  
  65  5:21  SCV  
  64  5:22  Factory Tech Lab  
  64  5:27  Starport Tech Lab  
  64  5:28  SCV  
  65  5:33  SCV  
  66  5:39  Supply Depot  
  66  5:40  SCV  
  67  5:44  Orbital Command  
  67  5:45  SCV  
  67  5:47  Siege Tank  
  71  5:52  SCV  
  71  5:55  Siege Tank  
  71  5:56  Hellion x2  
  77  5:57  SCV  
  77  6:01  Supply Depot  
  77  6:02  Viking  
  77  6:04  Barracks Reactor  
  80  6:05  SCV  
  80  6:09  SCV  
  80  6:11  Infernal Pre-Igniter  
  82  6:12  Orbital Command  
  82  6:17  SCV  
  83  6:21  Siege Tank, SCV  
  83  6:23  Hellion x2  
  83  6:25  Supply Depot  
  91  6:29  SCV  
  92  6:39  Refinery  
  92  6:41  SCV, Refinery  
  92  6:42  SCV  
  92  6:43  SCV  
  92  6:45  Siege Tank  
  92  6:46  Hellion  
  102  6:47  Hellion  
  102  6:50  Supply Depot  
  102  6:53  SCV  
  103  6:55  Supply Depot  
  103  6:58  SCV  
  103  7:00  Siege Tank  
  107  7:02  SCV  
  107  7:06  SCV  
  107  7:07  Terran Vehicle Weapons Level 2  
  109  7:12  Hellion, SCV  
  109  7:14  SCV  
  113  7:15  Factory  
  113  7:18  SCV  
  113  7:20  Supply Depot  
  114  7:24  SCV  
  115  7:31  SCV  
  115  7:35  Missile Turret x2  
  110  7:44  SCV  
  110  7:45  SCV  
  110  7:46  Hellion, Starport  
  110  7:47  Hellion x2, Starport  
  110  7:48  Command Center  
  110  7:50  Starport Tech Lab  
  115  7:52  Armory  
  115  7:55  SCV  
  116  8:00  Supply Depot  
  116  8:01  Hellion x2  
  116  8:03  Bunker  
  120  8:09  Hellion x2, SCV  
  120  8:10  Sensor Tower  
  125  8:18  Hellion  
  125  8:19  Hellion, Raven  
  121  8:22  Fusion Core  
  123  8:27  SCV  
  128  8:34  Hellion x4  
  128  8:36  Starport Tech Lab  
  128  8:37  Starport Tech Lab  
  132  8:47  Terran Vehicle And Ship Armor Level 1  
  132  8:51  Supply Depot  
  132  9:00  Siege Tank, Hellion x2  
  139  9:03  Siege Tank  
  139  9:07  Fusion Core  
  142  9:12  Battlecruiser x2  
  142  9:13  Hellion x2  
  142  9:15  Command Center  
  158  9:21  Hellion  
  160  9:26  Weapon Refit  
  160  9:28  Hellion  
  160  9:29  Supply Depot  
  160  9:30  Supply Depot  
  162  9:32  Hellion, Supply Depot x2  
  164  9:41  Hellion x5  
  164  9:42  Hellion  
  164  9:44  Hellion x3  
  168  9:53  Command Center  
  168  10:02  Hellion x3  
  174  10:11  Terran Ship Weapons Level 1  
  174  10:18  Battlecruiser  
  179  10:27  Command Center  
  179  10:28  Planetary Fortress  
  179  10:34  Battlecruiser  
  183  10:48  Corvid Reactor  
  173  10:50  Widow Mine x6, Viking  
  173  10:55  Starport x2  
  185  10:57  Refinery x2  
  185  11:01  Missile Turret  
  175  11:05  Terran Vehicle And Ship Armor Level 2  
  175  11:12  Missile Turret  
  175  11:18  Widow Mine x3  
  175  11:20  Hellion x2, Widow Mine, Viking  
  175  11:23  Viking  
  191  11:33  Viking  
  191  11:35  Viking  
  191  11:38  Viking  
  197  11:40  Widow Mine  
  189  11:50  Viking  
  189  11:53  Viking  
  183  12:03  Viking  
  183  12:05  Viking  
  183  12:08  Viking  
  165  12:20  Viking  
  161  12:23  Viking  
  153  12:33  Viking  
  153  12:35  Viking  
  155  12:38  Viking  
  153  12:50  Viking  
  155  12:51  Hellion x3  
  155  12:53  Viking  
  153  13:03  Orbital Command, Viking  
  153  13:05  Viking  
  157  13:07  Hellion  
  157  13:08  Viking  
  159  13:19  Viking  
  142  13:23  Widow Mine, Viking  
  142  13:24  Siege Tank, Widow Mine  
  142  13:26  Hellion  
  141  13:31  Widow Mine x2  
  141  13:33  Viking  
  130  13:35  Viking  
  127  13:45  Viking  
  127  13:47  Widow Mine  
  125  13:49  Viking  
  125  13:53  Hellion x2  
  124  13:57  Hellion  
Show
View Real Time Build Order
Export as new Build Order

ShaDoWn Protoss - Winner!

Build Orders: 1 Gate Expand, Dark Templar Rush 

Get SALT Encoding   

  12  0:01  Probe (Chrono Boost)  
  13  0:11  Probe (Chrono Boost)  
  14  0:18  Pylon  
  14  0:22  Probe (Chrono Boost)  
  15  0:36  Probe (Chrono Boost)  
  15  0:37  Gateway  
  15  0:42  Assimilator  
  16  0:47  Probe (Chrono Boost)  
  17  0:57  Probe (Chrono Boost)  
  18  1:08  Probe (Chrono Boost)  
  19  1:18  Nexus  
  19  1:21  Probe (Chrono Boost)  
  20  1:31  Cybernetics Core  
  20  1:34  Probe (Chrono Boost)  
  20  1:39  Assimilator  
  21  1:45  Probe (Chrono Boost)  
  22  1:49  Pylon  
  22  1:55  Probe (Chrono Boost)  
  23  2:07  Probe (Chrono Boost), Warp Gate, Adept (Chrono Boost)  
  26  2:19  Mothership Core (Chrono Boost)  
  28  2:30  Probe (Chrono Boost)  
  29  2:37  Probe (Chrono Boost)  
  29  2:41  Probe (Chrono Boost)  
  31  2:44  Twilight Council  
  31  2:48  Probe (Chrono Boost)  
  32  2:51  Probe (Chrono Boost)  
  33  2:59  Probe (Chrono Boost)  
  33  3:00  Robotics Facility  
  35  3:07  Pylon  
  35  3:08  Pylon  
  35  3:09  Probe (Chrono Boost)  
  35  3:12  Probe (Chrono Boost)  
  35  3:20  Probe (Chrono Boost)  
  35  3:22  Probe (Chrono Boost)  
  35  3:23  Dark Shrine  
  37  3:30  Probe (Chrono Boost)  
  37  3:33  Probe (Chrono Boost)  
  39  3:34  Gateway  
  39  3:36  Gateway  
  39  3:41  Probe (Chrono Boost)  
  40  3:42  Probe (Chrono Boost)  
  40  3:43  Pylon  
  40  3:47  Warp Prism (Chrono Boost)  
  43  3:52  Probe x2  
  45  3:57  Assimilator  
  45  4:01  Assimilator  
  45  4:02  Probe  
  45  4:03  Pylon  
  45  4:04  Probe  
  47  4:13  Probe  
  47  4:14  Stalker  
  47  4:16  Probe  
  51  4:19  Observer (Chrono Boost)  
  51  4:23  Probe  
  52  4:28  Probe  
  54  4:41  Probe x2, Nexus  
  56  4:51  Observer (Chrono Boost)  
  56  4:52  Probe  
  54  4:53  Sentry x2  
  54  4:54  Probe  
  54  4:58  Pylon  
  58  5:02  Probe  
  58  5:04  Charge  
  58  5:06  Probe  
  60  5:13  Probe  
  60  5:17  Immortal (Chrono Boost)  
  60  5:18  Probe  
  66  5:23  Probe  
  66  5:26  Forge  
  67  5:30  Probe  
  67  5:32  Gateway x2  
  67  5:34  Probe  
  68  5:37  Gateway  
  68  5:42  Probe  
  68  5:43  Pylon  
  68  5:44  Probe  
  69  5:51  Probe  
  69  5:52  Pylon  
  69  5:54  Probe  
  69  5:55  Probe  
  69  5:56  Immortal (Chrono Boost)  
  76  6:00  Protoss Ground Weapons Level 1 (Chrono Boost)  
  76  6:02  Probe  
  77  6:05  Probe  
  77  6:06  Probe  
  79  6:11  Photon Cannon  
  79  6:13  Probe  
  79  6:16  Probe  
  81  6:18  Probe  
  81  6:19  Assimilator  
  81  6:23  Probe  
  81  6:24  Assimilator  
  83  6:26  Probe  
  83  6:30  Probe  
  83  6:32  Nexus  
  85  6:33  Pylon  
  85  6:34  Probe  
  85  6:39  Warp Prism (Chrono Boost)  
  88  6:48  Blink  
  88  6:49  Zealot x2, Stargate  
  92  6:55  Photon Cannon  
  92  6:57  Photon Cannon  
  92  7:08  Gateway  
  92  7:09  Gateway  
  92  7:12  Gateway, Immortal  
  92  7:14  Probe  
  92  7:15  Probe x2  
  95  7:22  Zealot x2  
  101  7:25  Probe  
  101  7:29  Zealot x2  
  106  7:30  Zealot  
  107  7:37  Zealot  
  107  7:47  Probe  
  107  7:48  Probe  
  107  7:49  Probe  
  107  7:50  Probe  
  107  7:51  Oracle  
  111  7:53  Fleet Beacon  
  111  7:57  Stargate  
  113  7:59  Stargate  
  113  8:02  Protoss Ground Weapons Level 2 (Chrono Boost)  
  113  8:04  Protoss Air Weapons Level 1 (Chrono Boost)  
  113  8:09  Probe x2  
  113  8:11  Zealot x3, Probe  
  116  8:12  Probe  
  118  8:20  Photon Cannon  
  118  8:21  Probe  
  118  8:22  Probe  
  118  8:24  Probe  
  121  8:34  Probe  
  121  8:35  Probe x2  
  124  8:47  Pylon x2  
  124  8:52  Cybernetics Core  
  124  9:00  Assimilator  
  124  9:01  Assimilator  
  124  9:06  Tempest (Chrono Boost)  
  124  9:07  Stargate x2  
  124  9:08  Probe  
  124  9:09  Tempest (Chrono Boost)  
  137  9:22  Pylon  
  137  9:24  Pylon  
  137  9:26  Pylon x2  
  137  9:28  Pylon  
  137  9:31  Pylon  
  137  9:32  Protoss Air Armor Level 1 (Chrono Boost)  
  137  9:36  Tempest  
  139  9:39  Photon Cannon  
  139  9:44  Tempest  
  143  9:48  Tempest  
  155  10:04  Protoss Air Weapons Level 2 (Chrono Boost), Protoss Ground Weapons Level 3  
  155  10:05  Tempest  
  161  10:15  Nexus  
  161  10:17  Tempest  
  161  10:19  Zealot x2, Tempest  
  177  10:23  Pylon  
  177  10:24  Pylon  
  177  10:27  Photon Cannon  
  177  10:32  Tempest  
  183  10:39  Tempest  
  175  10:52  Tempest  
  177  11:02  Templar Archives  
  173  11:17  Tempest  
  177  11:26  Probe  
  177  11:27  Photon Cannon  
  177  11:31  Photon Cannon x2  
  177  11:34  Zealot x2  
  177  11:35  Zealot, Tempest  
  189  11:45  Photon Cannon x2  
  182  11:56  Tempest  
  182  12:00  Probe  
  188  12:01  Probe  
  188  12:03  Probe  
  165  12:19  Tempest  
  165  12:20  Tempest x3  
  165  12:22  Mothership Core  
  171  12:36  Zealot x4  
  171  12:37  Zealot  
  181  12:39  Tempest  
  173  13:02  Oracle  
  173  13:03  Zealot x9  
  192  13:16  Observer  
  176  13:36  Stalker x5  
  176  13:37  Stalker x3, Warp Prism  
  186  14:05  Assimilator  
  186  14:06  Assimilator  
Tags
 
Add a new tag
Caveats
  • Supply blocks, unpowered buildings, or Contaminate may cause inaccurate times.
  • Supply counts are checked every 10 seconds.